 Dungeon Crawl Stone Soup version 0.23-b1-84-g6588a6b (webtiles) character file.

Game seed: 11895066440738053508

8826 Firecrotchwizard the Cleaver (level 11, -1/101 HPs)
             Began as a Minotaur Berserker on Feb 10, 2019.
             Was a High Priest of Trog.
             Slain by a death yak (17 damage)
             ... on level 9 of the Dungeon.
             The game lasted 00:17:11 (8260 turns).

Firecrotchwizard the Cleaver (Minotaur Berserker)   Turns: 8260, Time: 00:17:11

Health: -1/101     AC: 18    Str: 21    XL:     11   Next: 15%
Magic:  0/10       EV:  7    Int:  6    God:    Trog [*****.]
Gold:   549        SH:  0    Dex: 12    Spells: 10/10 levels left

rFire    . . .     SeeInvis .   m - +1 war axe (venom)
rCold    . . .     Gourm    .   (no shield)
rNeg     . . .     Faith    .   E - +0 plate armour
rPois    .         Spirit   +   (helmet restricted)
rElec    .         Reflect  .   C - +2 cloak {+Inv}
rCorr    .         Harm     .   (no gloves)
MR       .....                  (no boots)
Stlth    ..........             j - amulet of guardian spirit {Spirit}
HPRegen  0.26/turn              (no ring)
MPRegen  0.12/turn              (no ring)

@: berserk cooldown, slowed, very slow
A: retaliatory headbutt, horns 2
a: Berserk, Trog's Hand, Brothers in Arms, Renounce Religion, Evoke Invisibility


You were on level 9 of the Dungeon.
You worshipped Trog.
Trog was extremely pleased with you.
You were not hungry.

You visited 1 branch of the dungeon, and saw 9 of its levels.

You collected 549 gold pieces.

Inventory:

Hand Weapons
 m - a +1 war axe of venom (weapon)
   (You found it on level 2 of the Dungeon)
Armour
 q - a +0 scale mail
   (You took it off Terence on level 3 of the Dungeon)
 v - a scarf of spirit shield
   (You found it on level 4 of the Dungeon)
 x - a +0 chain mail
   (You found it on level 5 of the Dungeon)
 C - a +2 cloak of invisibility (worn)
   (You found it on level 8 of the Dungeon)
 E - a +0 plate armour (worn)
   (You found it on level 7 of the Dungeon)
Jewellery
 j - an amulet of guardian spirit (around neck) {Spirit}
   (You acquired it on level 8 of the Dungeon)
Wands
 b - a wand of iceblast (6)
   (You took it off Maurice on level 9 of the Dungeon)
 d - a wand of polymorph (6)
   (You found it on level 4 of the Dungeon)
Scrolls
 g - 5 scrolls of teleportation
 i - 8 scrolls of remove curse
 l - 2 scrolls of fear
 o - 2 scrolls of magic mapping {!r}
 p - a scroll of fog
 u - 3 scrolls of enchant armour
 w - a scroll of identify
Potions
 a - 2 potions of berserk rage {!q}
 e - a potion of heal wounds {unknown}
 f - 3 potions of flight
 h - a potion of degeneration {unknown}
 n - 4 potions of curing
 s - 6 potions of brilliance
 t - 3 potions of haste
 z - a potion of ambrosia {unknown}
 A - 2 potions of agility
 D - a potion of cancellation {unknown}
Comestibles
 c - 13 rations


   Skills:
 + Level 10.9 Fighting
 * Level 14.4 Axes
 + Level 10.6 Armour
 - Level 2.1 Dodging


You had 10 spell levels left.
You didn't know any spells.
Your spell library was empty.

Dungeon Overview and Level Annotations

Branches:
Dungeon (9/15)             Temple (0/1) D:4            Lair (0/6) D:9
    Orc (0/2) D:9

Altars:
Ashenzari
Cheibriados
Makhleb
Okawaru
Ru
Wu Jian
Xom
Zin
The Shining One

Shops:
D:7 [

Annotations:
D:5 1 runed translucent door, Crazy Yiuf


Innate Abilities, Weirdness & Mutations

You reflexively headbutt those who attack you in melee.
You have a pair of horns on your head.


Message History

You hit the death yak but do no damage.
The death yak is poisoned.
The death yak gores you but does no damage.
You slice the death yak!!
The death yak looks as sick as possible!
You headbutt the death yak, but do no damage.
The death yak gores you!
You take 9 damage, and have 85/94 hp.
You now have 8/9 mp.
You slash the death yak!
The death yak looks as sick as possible!
You headbutt the death yak. You hit the death yak.
The death yak looks as sick as possible!
The death yak gores you!!
You take 17 damage, and have 68/94 hp.
You now have 6/9 mp.
You hit the death yak. The death yak gores you!
You take 7 damage, and have 61/94 hp.
You now have 5/9 mp.
You hit the death yak but do no damage.
The death yak looks as sick as possible!
The death yak gores you but does no damage.
A red film seems to cover your vision as you go berserk!
You feel yourself moving faster!
You feel mighty!
You are fainting from starvation!
The death yak gores you but does no damage.
You now have 93/141 hp.
You hit the death yak.
The death yak looks as sick as possible!
You slash the death yak!
You kill the death yak!
Trog accepts your kill.
You have reached level 11!
You regained 7 hp, and now have 100/151 hp.
The death yak gores you!
You see here a death yak corpse.
You take 12 damage, and have 88/151 hp.
You now have 4/10 mp.
You completely miss the death yak. Your headbutt misses the death yak.
You hit the death yak but do no damage.
You headbutt the death yak, but do no damage.
The death yak gores you.
You take 5 damage, and have 83/151 hp.
You slash the death yak!
The death yak is poisoned.
You slice the death yak!! You headbutt the death yak!!
The death yak closely misses you.
Your plate armour prevents you from hitting the death yak.
Your headbutt misses the death yak. You slash the death yak!
The death yak looks as sick as possible!
You headbutt the death yak.
You lose consciousness!
The death yak gores you but does no damage.
The death yak gores you!! The death yak gores you! The death yak gores you.
The death yak gores you but does no damage.
The death yak gores you.
You can move again.
You take 33 damage, and have 51/151 hp.
MASSIVE DAMAGE!!
You now have 1/10 mp.
You slash the death yak!
You feel the power of Trog in you as your rage grows.
You kill the death yak!
Trog accepts your kill.
Unknown command.
You completely miss the death yak. You headbutt the death yak!
Your plate armour prevents you from hitting the death yak.
You headbutt the death yak, but do no damage.
The death yak gores you but does no damage.
You hit the death yak.
The death yak is poisoned.
You hit the death yak.
The death yak looks as sick as possible!
The death yak gores you!
* * * LOW HITPOINT WARNING * * *
You take 11 damage, and have 40/151 hp.
You completely miss the death yak. You barely miss the death yak.
The death yak gores you but does no damage.
You eat one of the 14 rations.
That ration really hit the spot!
You slash the death yak!
The death yak looks as sick as possible!
You headbutt the death yak!! The death yak gores you!
* * * LOW HITPOINT WARNING * * *
You take 10 damage, and have 31/151 hp.
You now have 1/10 mp.
You barely miss the death yak. You headbutt the death yak.
You hit the death yak.
You are no longer berserk.
You are exhausted.
You feel yourself slow down. The death yak completely misses you.
You now have 21/101 hp.
You hit the death yak. Your headbutt misses the death yak.
The death yak gores you.
* * * LOW HITPOINT WARNING * * *
You take 6 damage, and have 15/101 hp.
You slice the death yak!!
The death yak looks as sick as possible!
You headbutt the death yak, but do no damage.
The death yak gores you but does no damage.
You barely miss the death yak. Your headbutt misses the death yak.
The death yak gores you!!
You die...

*,*, *,*, ################### ###
*,*, ..................# ##.##
*,*,
#################.#####.#.###*,*,
*,,.######....<.###..#*,*,
*,,..............###.##,*,
*##*,,.#######...##.####.#,*,
*****...,,,*#rrY@..##.#..##..#,*,
,,,,,....*,*#.########.#.#...#,#,
,,,,,.....,*#.# ##...#..#.#[
,,,,,......##.### ##..#......
,,,,,....Y......# ##.#...>..
,*,>,..rY.....#.# #.#######
.,,,,......####.# #..,* *
.,,,*.rY#..* *,# ##..*****
.,,,,..*#.,* *,* *..>,,,,


You could see a death yak, a hell rat and a porcupine.

Vanquished Creatures
  A two-headed ogre (D:9)
  2 death yaks (D:9)
  Pikel (D:4)
  Maurice (D:9)
  Grinder (D:5)
  2 hippogriffs (D:9)
  2 wyverns
  4 hogs (D:7)
  6 yaks (D:7)
  A human (D:7)
  3 hungry ghosts
  Edmund (D:5)
  2 vampire mosquitoes
  Duvessa (D:5)
  An orc warrior (D:7)
  2 sky beasts
  2 ice beasts (D:7)
  A black bear (D:6)
  A phantom (D:8)
  5 ogres
  3 centaurs
  7 bullfrogs
  Dowan (D:5)
  3 scorpions
  2 crimson imps
  2 centaur skeletons
  3 hounds
  2 orc priests
  5 orc wizards
  Terence (D:3)
  Jessica (D:3)
  4 iguanas
  5 worker ants
  2 hound zombies (D:6)
  2 hound skeletons
  7 adders
  3 gnolls (D:3)
  A shadow imp (D:7)
  An adder skeleton (D:6)
  2 worms
  4 dart slugs
  3 leopard geckos
  19 orcs
  13 bats
  10 giant cockroaches
  9 goblins
  5 hobgoblins
  7 jackals
  5 kobolds (D:1)
  5 quokkas
  3 ball pythons
  7 frilled lizards
  A jackal skeleton (D:5)
  2 quokka skeletons
  6 rats
196 creatures vanquished.

Vanquished Creatures (others)
  A worker ant (D:4)
1 creature vanquished.

Grand Total: 197 creatures vanquished

Notes
Turn   | Place    | Note
-------+----------+-------------------------------------------
     0 | D:1      | Firecrotchwizard the Minotaur Berserker began the quest for
                  | the Orb.
     0 | D:1      | Reached XP level 1. HP: 19/19 MP: 0/0
   186 | D:1      | Reached skill level 4 in Axes
   186 | D:1      | Reached XP level 2. HP: 25/27 MP: 1/1
   223 | D:1      | Found a shimmering altar of Xom.
   431 | D:1      | Reached skill level 4 in Fighting
   904 | D:2      | Reached skill level 3 in Armour
   904 | D:2      | Reached XP level 3. HP: 30/33 MP: 2/2
   954 | D:2      | Reached ** piety under Trog
  1607 | D:2      | Reached XP level 4. HP: 37/40 MP: 3/3
  1690 | D:2      | Reached skill level 5 in Axes
  1847 | D:3      | Noticed Terence
  1856 | D:3      | Killed Terence
  1885 | D:3      | Noticed Jessica
  1895 | D:3      | Killed Jessica
  1917 | D:3      | Found a burning altar of Makhleb.
  1917 | D:3      | Found an ornate altar of the Wu Jian Council.
  1949 | D:3      | Reached XP level 5. HP: 40/47 MP: 4/4
  1965 | D:3      | Reached skill level 4 in Armour
  2140 | D:3      | Found a glowing golden altar of the Shining One.
  2144 | D:3      | Found a glowing silver altar of Zin.
  2346 | D:3      | Reached *** piety under Trog
  2403 | D:3      | Found a snail-covered altar of Cheibriados.
  2493 | D:3      | Reached skill level 6 in Axes
  2758 | D:4      | Reached skill level 5 in Fighting
  2780 | D:4      | Reached XP level 6. HP: 48/56 MP: 5/5
  2944 | D:4      | HP: 14/56 [poisoned by a scorpion]
  2949 | D:4      | HP: 13/56 [poisoned by a scorpion]
  2956 | D:4      | HP: 12/56 [poisoned by a scorpion]
  2964 | D:4      | HP: 12/56 [poisoned by a scorpion]
  3216 | D:4      | Noticed a slave
  3217 | D:4      | Noticed Pikel
  3217 | D:4      | Noticed a slave
  3218 | D:4      | Noticed a slave
  3219 | D:4      | Noticed a slave
  3241 | D:4      | Killed Pikel
  3241 | D:4      | Reached skill level 6 in Fighting
  3241 | D:4      | Reached skill level 8 in Axes
  3241 | D:4      | Reached skill level 5 in Armour
  3241 | D:4      | Reached XP level 7. HP: 52/63 MP: 6/6
  3340 | D:4      | Found a staircase to the Ecumenical Temple.
  3613 | D:5      | Entered Level 5 of the Dungeon
  3620 | D:5      | Noticed Grinder
  3642 | D:5      | Noticed Edmund
  3644 | D:5      | Killed Grinder
  3644 | D:5      | Reached skill level 6 in Armour
  3644 | D:5      | Reached XP level 8. HP: 68/71 MP: 7/7
  3667 | D:5      | Killed Edmund
  3667 | D:5      | Reached skill level 9 in Axes
  3865 | D:5      | Noticed Duvessa
  3866 | D:5      | Noticed Dowan
  3892 | D:5      | Killed Duvessa
  3892 | D:5      | Reached skill level 7 in Fighting
  3901 | D:5      | Killed Dowan
  4335 | D:5      | Found an iron altar of Okawaru.
  4396 | D:5      | Found a runed translucent door.
  4397 | D:5      | Noticed Crazy Yiuf
  4577 | D:5      | Reached skill level 10 in Axes
  4577 | D:5      | Reached skill level 7 in Armour
  4814 | D:6      | Reached **** piety under Trog
  4856 | D:6      | Reached XP level 9. HP: 64/81 MP: 6/8
  4952 | D:6      | Reached skill level 8 in Fighting
  5029 | D:6      | Reached skill level 11 in Axes
  5157 | D:6      | Found a sacrificial altar of Ru.
  5321 | D:6      | Reached skill level 8 in Armour
  5416 | D:7      | Reached skill level 9 in Fighting
  5424 | D:7      | Reached skill level 12 in Axes
  5605 | D:7      | Found Ediwnos's Antique Armour Emporium.
  5762 | D:7      | Reached skill level 9 in Armour
  5766 | D:7      | Reached XP level 10. HP: 62/91 MP: 7/9
  6365 | D:7      | Reached ***** piety under Trog
  6517 | D:7      | Reached skill level 13 in Axes
  6813 | D:8      | Reached skill level 10 in Fighting
  7385 | D:9      | Found a shattered altar of Ashenzari.
  7410 | D:9      | Noticed Maurice
  7411 | D:9      | Noticed a two-headed ogre
  7421 | D:9      | Killed a two-headed ogre
  7421 | D:9      | Reached skill level 10 in Armour
  7466 | D:9      | Killed Maurice
  7660 | D:8      | Identified a scroll of acquirement
  7777 | D:9      | Noticed a six-headed hydra
  7784 | D:9      | Reached skill level 14 in Axes
  7795 | D:9      | HP: 13/94 [ogre/+0 giant spiked club (14)]
  8135 | D:9      | Found a staircase to the Orcish Mines.
  8212 | D:9      | Noticed a death yak
  8212 | D:9      | Noticed a death yak
  8212 | D:9      | Noticed a death yak
  8234 | D:9      | Killed a death yak
  8234 | D:9      | Reached XP level 11. HP: 99/101 MP: 5/10
  8241 | D:9      | Paralysed by fainting for 5 turns
  8247 | D:9      | Killed a death yak
  8255 | D:9      | HP: 31/151 [death yak (10)]
  8258 | D:9      | HP: 15/101 [death yak (6)]
  8260 | D:9      | Slain by a death yak

Skill      XL: |  1  2  3  4  5  6  7  8  9 10 |
---------------+-------------------------------+-----
Axes           | 4 5 6 8 10 12 14 | 14.4
Fighting       | 4 5 6 7 9 10 | 10.9
Armour         | 3 4 5 6 7 9 10 | 10.6
Dodging        | |  2.1

Action                   |  1- 3 |  4- 6 |  7- 9 | 10-12 || total
-------------------------+-------+-------+-------+-------++-------
Melee: Hand axe          |    66 |       |       |       ||    66
       Headbutt          |    15 |    15 |    50 |    46 ||   126
       War axe           |    17 |   118 |   243 |   182 ||   560
Throw: Javelin           |     1 |     1 |    17 |     4 ||    23
Invok: Trog's Hand       |       |       |     2 |       ||     2
       Berserk           |       |       |     1 |     1 ||     2
  Use: Scroll            |       |       |       |    21 ||    21
  Eat: Chunk             |     2 |     5 |    11 |     3 ||    21
       Ration            |       |       |       |     4 ||     4
Armor: Animal skin       |     2 |       |       |       ||     2
       Ring mail         |    19 |     5 |       |       ||    24
       Scale mail        |       |    49 |    28 |       ||    77
       Chain mail        |       |       |    81 |       ||    81
       Plate armour      |       |       |     5 |   105 ||   110
Dodge: Dodged            |    63 |    66 |    75 |    51 ||   255

Levels and vault maps discovered:

Table legend:
 A = Turns spent in this place as a percentage of turns spent in the entire game.
 B = Non-inter-level travel turns spent in this place as a percentage of non-inter-level travel turns spent in the entire game.
 C = Inter-level travel turns spent in this place as a percentage of turns spent in this place.
 D = Turns resting spent in this place as a percentage of non-inter-level travel turns spent in this place.
 E = Turns spent auto-exploring this place as a percentage of non-inter-level travel turns spent in this place.
 F = Non-inter-level travel turns spent in this place divided by the number of levels of this place that you've seen.
                   A       B       C       D       E      F
               +-------+-------+-------+-------+-------+----------------------
         Total | 100.0 | 100.0 |   3.5 |  25.3 |  55.0 | 885.2
       Dungeon | 100.0 | 100.0 |   3.5 |  25.3 |  55.0 | 885.2
               +-------+-------+-------+-------+-------+----------------------

Table legend:
 A = Kills in this place as a percentage of kills in entire the game.
 B = Kills by you in this place as a percentage of kills by you in the entire game.
 C = Kills by friends in this place as a percentage of kills by friends in the entire game.
 D = Other kills in this place as a percentage of other kills in the entire game.
 E = Experience gained in this place as a percentage of experience gained in the entire game.
 F = Experience gained in this place divided by the number of levels of this place that you have seen.
                   A       B       C       D       E      F
               +-------+-------+-------+-------+-------+----------------------
         Total | 100.0 | 100.0 |   N/A |   N/A | 100.0 | 1401.0
       Dungeon | 100.0 | 100.0 |   N/A |   N/A | 100.0 | 1401.0
               +-------+-------+-------+-------+-------+----------------------
